[Event "January 9 Early 2024"]
[Site "https://www.chess.com"]
[Date "2024.01.11"]
[Round "10"]
[White "Eilenberg, Jonas"]
[Black "Yelisieiev, Yevhenii"]
[Result "0-1"]
[Board "47"]
[TimeControl "180+1"]
[WhiteFideId "16204271"]
[BlackFideId "14139642"]
[WhiteElo "2400"]
[BlackElo "2510"]
[WhiteTeam "GER"]
[BlackTeam "GER"]
[WhiteClock "0:00:43"]
[BlackClock "0:00:22"]

1. d4 d6 2. e4 Nf6 3. Nc3 e5 4. Nf3 Nbd7 5. Rg1 Be7 6. g4 c6 7. Be3 h6 8. h4 exd4 9. Nxd4 Ne5 10. Be2 Qa5 11. f4 Nxe4 12. fxe5 Nxc3 13. bxc3 Qxc3+ 14. Kf2 Bxh4+ 15. Kf3 dxe5 16. Nf5 Bxf5 17. gxf5 Bg5 18. Qd3 e4+ 19. Qxe4+ Kf8 20. Qd4 Qxc2 21. Bd3 Qh2 22. Bxg5 hxg5 23. Rh1 Rh3+ 24. Kg4 Qg3# 0-1

[Event "January 9 Early 2024"]
[Site "https://www.chess.com"]
[Date "2024.01.11"]
[Round "10"]
[White "Grischuk, Alexander"]
[Black "Le, Tuan Minh"]
[Result "0-1"]
[Board "48"]
[TimeControl "180+1"]
[WhiteFideId "4126025"]
[BlackFideId "12401153"]
[WhiteElo "3064"]
[BlackElo "3035"]
[WhiteTeam "RUS"]
[BlackTeam "VIE"]
[WhiteClock "0:01:20"]
[BlackClock "0:01:02"]

1. d4 d5 2. c4 c6 3. Nf3 Nf6 4. cxd5 cxd5 5. Nc3 Nc6 6. Bf4 a6 7. Qb3 e6 8. e3 Bd6 9. Bg5 h6 10. Bh4 O-O 11. Bd3 b5 12. O-O Bb7 13. Rfc1 Rc8 14. Qd1 Be7 15. a4 b4 16. Nb1 a5 17. Nbd2 Nd7 18. Bxe7 Nxe7 19. Nb3 Qb6 20. Bb5 Nf6 21. Ne5 Rfd8 22. Nc5 Ne4 23. Nxe4 dxe4 24. Rxc8 Bxc8 0-1

[Event "January 9 Early 2024"]
[Site "https://www.chess.com"]
[Date "2024.01.11"]
[Round "10"]
[White "Cieslak, Patryk"]
[Black "Bodnaruk, Anastasia"]
[Result "1-0"]
[Board "49"]
[TimeControl "180+1"]
[WhiteFideId "21078882"]
[BlackFideId "4181751"]
[WhiteElo "2697"]
[BlackElo "2552"]
[WhiteTeam "POL"]
[BlackTeam "RUS"]
[WhiteClock "0:01:02"]
[BlackClock "0:00:59"]

1. e4 c5 2. Nf3 d6 3. d4 cxd4 4. Nxd4 Nf6 5. Nc3 a6 6. Be3 e5 7. Nb3 Be7 8. h3 Be6 9. f4 exf4 10. Bxf4 O-O 11. Qe2 Nc6 12. O-O-O Qc7 13. Kb1 Ne5 14. g4 b5 15. g5 Nfd7 16. Nd4 Nb6 17. Nf5 Bxf5 18. exf5 Rfe8 19. Bxe5 dxe5 20. f6 Bb4 21. Ne4 Red8 22. fxg7 Qc4 23. Rxd8+ Rxd8 24. Nf6+ Kxg7 25. Qh5 Qh4 26. Bd3 1-0

[Event "January 9 Early 2024"]
[Site "https://www.chess.com"]
[Date "2024.01.11"]
[Round "10"]
[White "Santos Flores, Alberto"]
[Black "Yeritsyan, Hayk"]
[Result "0-1"]
[Board "50"]
[TimeControl "180+1"]
[WhiteFideId "3601234"]
[BlackFideId "13307320"]
[WhiteElo "2504"]
[BlackElo "2640"]
[WhiteTeam "ECU"]
[BlackTeam "ARM"]
[WhiteClock "0:00:18"]
[BlackClock "0:01:11"]

1. e4 e6 2. d4 a6 3. Nf3 d5 4. e5 c5 5. c3 Qb6 6. a3 Bd7 7. b4 cxd4 8. cxd4 Bb5 9. Bxb5+ axb5 10. Bb2 Nd7 11. O-O Ne7 12. Nbd2 Nf5 13. g4 Nh6 14. h3 Qd8 15. Nb3 Nb6 16. Nc5 Bxc5 17. bxc5 Nc4 18. Bc3 O-O 19. Qb3 f5 20. g5 Nf7 21. h4 Qe8 22. Rfb1 Nd8 23. Qxb5 Qh5 24. Nd2 Qg4+ 25. Kf1 Rxa3 26. Nxc4 Rxc3 27. Nd6 Rh3 28. Ke1 Qxd4 29. Nxb7 Nxb7 30. Qxb7 Qxe5+ 31. Kf1 Qe4 0-1

[Event "January 9 Early 2024"]
[Site "https://www.chess.com"]
[Date "2024.01.11"]
[Round "10"]
[White "Ronka, Erik"]
[Black "Rosen, Eric"]
[Result "0-1"]
[Board "51"]
[TimeControl "180+1"]
[WhiteFideId "505080"]
[BlackFideId "2032562"]
[WhiteElo "2523"]
[BlackElo "2667"]
[WhiteTeam "FIN"]
[BlackTeam "USA"]
[WhiteClock "0:00:02"]
[BlackClock "0:00:59"]

1. e4 c5 2. Nf3 e6 3. d4 cxd4 4. Nxd4 Nc6 5. Nc3 Qc7 6. Be3 a6 7. Qd2 Nf6 8. O-O-O Bb4 9. f3 Ne5 10. Nb3 b5 11. Kb1 Be7 12. Qf2 Rb8 13. Ba7 Rb7 14. Bd4 d6 15. g4 O-O 16. h4 Nc4 17. Bxc4 bxc4 18. Nd2 e5 19. Be3 Be6 20. Ka1 Rfb8 21. Rb1 Qa5 22. g5 Nd7 23. Qe2 Rb4 24. Nf1 d5 25. exd5 Bxd5 26. Bd2 Nc5 27. Ne3 Be6 0-1

[Event "January 9 Early 2024"]
[Site "https://www.chess.com"]
[Date "2024.01.11"]
[Round "10"]
[White "Gurevich, Dmitry"]
[Black "Srihari L R"]
[Result "0-1"]
[Board "52"]
[TimeControl "180+1"]
[WhiteFideId "2000407"]
[BlackFideId "46617116"]
[WhiteElo "2527"]
[BlackElo "2673"]
[WhiteTeam "USA"]
[BlackTeam "IND"]
[WhiteClock "0:00:01"]
[BlackClock "0:01:27"]

1. d4 Nf6 2. c4 e6 3. Nc3 Bb4 4. a3 Bxc3+ 5. bxc3 Nc6 6. e3 O-O 7. Bd3 b6 8. e4 e5 9. Ne2 d6 10. f3 Ba6 11. Bg5 h6 12. Bh4 Na5 13. O-O Bxc4 14. Bxc4 Nxc4 15. Qc1 g5 16. Bf2 Nh5 17. g3 Kh7 18. f4 gxf4 19. gxf4 exf4 20. Kh1 Qe7 21. Qc2 f5 22. exf5 Rae8 23. Rae1 Qe4+ 24. Qxe4 Rxe4 25. Ng1 d5 26. Nf3 Rxf5 27. Bh4 Rf7 28. Rg1 Ng7 29. Ne5 Nxe5 30. dxe5 Ne6 31. Bf6 f3 32. Ref1 Rf4 33. Rg3 Ng5 34. h4 Ne4 35. Rgxf3 Rxf3 36. Rxf3 Nxf6 37. exf6 Kg6 38. Rd3 c6 0-1

[Event "January 9 Early 2024"]
[Site "https://www.chess.com"]
[Date "2024.01.11"]
[Round "10"]
[White "Pogorelskikh, Sofia"]
[Black "De Sousa, Daniel Aguiar"]
[Result "1-0"]
[Board "53"]
[TimeControl "180+1"]
[WhiteFideId "44164548"]
[BlackFideId "44736797"]
[WhiteElo "2258"]
[BlackElo "2044"]
[WhiteTeam "SRB"]
[BlackTeam "BRA"]
[WhiteClock "0:00:52"]
[BlackClock "0:00:29"]

1. e4 c5 2. Nf3 Nc6 3. Nc3 e5 4. Bc4 d6 5. a3 Be7 6. d3 Nf6 7. Nd2 O-O 8. Nf1 Nd4 9. Ne3 a6 10. O-O b5 11. Ba2 Be6 12. Ncd5 Nxd5 13. exd5 Bd7 14. c3 Nf5 15. b4 cxb4 16. axb4 Nxe3 17. Bxe3 f5 18. f3 f4 19. Bf2 Rc8 20. c4 Bf6 21. Rc1 Bf5 22. c5 a5 23. cxd6 Qxd6 24. Bc5 Rxc5 25. bxc5 Qa6 26. d6+ Kh8 27. c6 b4 28. Bd5 Bxd3 29. Re1 Bh4 30. c7 Bxe1 31. Qxe1 Qxd6 32. c8=Q Qb6+ 33. Qf2 1-0

[Event "January 9 Early 2024"]
[Site "https://www.chess.com"]
[Date "2024.01.11"]
[Round "10"]
[White "Skiadopoulos, Nikolaos"]
[Black "Viana, Valeria"]
[Result "1-0"]
[Board "54"]
[TimeControl "180+1"]
[WhiteFideId "4200772"]
[BlackFideId "8407100"]
[WhiteElo "1946"]
[BlackElo "2038"]
[WhiteTeam "GRE"]
[BlackTeam "HON"]
[WhiteClock "0:00:57"]
[BlackClock "0:00:25"]

1. e4 c6 2. d4 d5 3. e5 Bf5 4. h4 h5 5. Bd3 Bxd3 6. Qxd3 e6 7. Ne2 Qb6 8. O-O Nd7 9. b3 Be7 10. g3 Nh6 11. Bxh6 Rxh6 12. c4 dxc4 13. bxc4 Qa6 14. Nbc3 Nb6 15. Rfb1 Rb8 16. Rb3 Qxc4 17. Qe3 Nd5 18. Nxd5 Qxd5 19. Nf4 Qd7 20. a4 Rd8 21. Rab1 b6 22. Ne2 Rg6 23. Kh2 c5 24. dxc5 Bxc5 25. Qf3 Qxa4 26. Nf4 Rh6 27. Nxh5 Rg6 28. Nf4 Rh6 29. Rd3 Rxd3 30. Nxd3 Qd4 31. Nxc5 Qxc5 32. Ra1 Qxe5 33. Rxa7 Qd5 34. Qxf7+ Kd8 35. Qf8# 1-0

[Event "January 9 Early 2024"]
[Site "https://www.chess.com"]
[Date "2024.01.11"]
[Round "10"]
[White "Biriukov, Ilja"]
[Black "Skibbe, Willi"]
[Result "0-1"]
[Board "55"]
[TimeControl "180+1"]
[WhiteFideId "4113373"]
[BlackFideId "4682190"]
[WhiteElo "2241"]
[BlackElo "2370"]
[WhiteTeam "RUS"]
[BlackTeam "GER"]
[WhiteClock "0:00:09"]
[BlackClock "0:00:53"]

1. d4 f5 2. g4 fxg4 3. h3 d5 4. Nc3 Nf6 5. Bg5 Nc6 6. Qd2 h6 7. Bxf6 exf6 8. Qd3 Kf7 9. O-O-O g6 10. hxg4 Bxg4 11. f3 Be6 12. e4 Ne7 13. Nh3 g5 14. f4 dxe4 15. Nxe4 Bg7 16. fxg5 hxg5 17. Nhxg5+ fxg5 18. Nxg5+ Kf6 19. Qf3+ Bf5 20. Ne4+ Kf7 21. Bc4+ Ke8 22. Ng5 Rxh1 23. Rxh1 Qxd4 24. Bf7+ Kf8 25. Ne6+ Bxe6 26. Bxe6+ Ke8 27. Qf7+ Kd8 28. Rd1 Bh6+ 29. Kb1 Qxd1# 0-1

[Event "January 9 Early 2024"]
[Site "https://www.chess.com"]
[Date "2024.01.11"]
[Round "10"]
[White "Sultanbek, Zeinep"]
[Black "Von Buelow, Georg"]
[Result "1-0"]
[Board "56"]
[TimeControl "180+1"]
[WhiteFideId "13710419"]
[BlackFideId "4620658"]
[WhiteElo "2311"]
[BlackElo "2138"]
[WhiteTeam "KAZ"]
[BlackTeam "GER"]
[WhiteClock "0:00:58"]
[BlackClock "0:00:13"]

1. d4 Nf6 2. c4 e6 3. g3 d5 4. Nf3 Bb4+ 5. Bd2 Be7 6. Bg2 O-O 7. O-O c6 8. Qc2 Nbd7 9. Bf4 b6 10. cxd5 cxd5 11. Qc6 Ba6 12. Nc3 Qc8 13. Qa4 Qb7 14. Nb5 Bxb5 15. Qxb5 a6 16. Qb3 Rfc8 17. Rfc1 h6 18. a4 Rxc1+ 19. Rxc1 Rc8 20. Rxc8+ Qxc8 21. Ne5 Nxe5 22. Bxe5 Qc1+ 23. Bf1 Nd7 24. Bf4 Qe1 25. Qc2 Qb4 26. e3 a5 27. Bb5 Nf8 28. Bc7 g5 29. Bxb6 h5 30. Qc3 h4 31. Bxa5 Qxc3 32. Bxc3 hxg3 33. hxg3 1-0

[Event "January 9 Early 2024"]
[Site "https://www.chess.com"]
[Date "2024.01.11"]
[Round "10"]
[White "Begunov, Konstantin"]
[Black "Rodriguez Santiago, Jaime"]
[Result "0-1"]
[Board "57"]
[TimeControl "180+1"]
[WhiteFideId "4118510"]
[BlackFideId "3100898"]
[WhiteElo "2463"]
[BlackElo "2314"]
[WhiteTeam "RUS"]
[BlackTeam "PUR"]
[WhiteClock "0:00:02"]
[BlackClock "0:01:11"]

1. d4 Nf6 2. c4 e6 3. Nf3 d5 4. Nc3 c5 5. cxd5 Nxd5 6. g3 Nc6 7. Bg2 Be7 8. Nxd5 Qxd5 9. O-O cxd4 10. Bf4 O-O 11. Ne5 Qb5 12. Nxc6 bxc6 13. Qxd4 Bf6 14. Qd6 Bb7 15. Rac1 Rac8 16. b3 Rfd8 17. Qa3 a6 18. e4 Bd4 19. Rc2 c5 20. Rfc1 e5 21. Bd2 Rd7 22. Ba5 h5 23. Kh1 h4 24. Rd1 h3 25. Bxh3 Bxe4+ 26. Kg1 Bxc2 27. Bxd7 Qxd7 28. Rd2 Be4 29. Qc1 Qg4 30. Qc4 Qf3 31. Kf1 Qh1+ 32. Ke2 Qxh2 33. b4 Qxf2+ 34. Kd1 Qg1+ 35. Ke2 Bf5 36. Qxa6 c4 0-1

[Event "January 9 Early 2024"]
[Site "https://www.chess.com"]
[Date "2024.01.11"]
[Round "10"]
[White "Yurasov, Matfey"]
[Black "Zhuk, Valeriy"]
[Result "1-0"]
[Board "58"]
[TimeControl "180+1"]
[WhiteFideId "55617603"]
[BlackFideId "24151254"]
[WhiteElo "2537"]
[BlackElo "2412"]
[WhiteTeam "FID"]
[BlackTeam "RUS"]
[WhiteClock "0:01:29"]
[BlackClock "0:00:41"]

1. e4 c5 2. Nf3 e6 3. g3 d5 4. exd5 exd5 5. Bg2 Nc6 6. O-O Bd6 7. d4 c4 8. b3 cxb3 9. axb3 Nge7 10. c4 O-O 11. Re1 h6 12. Nc3 Be6 13. c5 Bc7 14. Nb5 Bb8 15. Bf4 Bxf4 16. gxf4 Ng6 17. Qd2 Qf6 18. f5 Bxf5 19. Nd6 Bg4 20. Ne5 Ngxe5 21. dxe5 Nxe5 22. Qxd5 Nf3+ 23. Kh1 Nxe1 24. Rxe1 b6 25. c6 Rad8 26. Ne4 Qf4 27. Qc4 Bf3 28. Bxf3 Qxf3+ 29. Kg1 Qg4+ 30. Kh1 Rd1 31. Nf6+ Kh8 32. Nxg4 Rxe1+ 33. Kg2 Re6 34. b4 b5 35. Qxb5 Rc8 36. Ne5 f6 37. Ng6+ Kh7 38. Qf5 Rexc6 39. Ne7+ Kh8 40. Nxc8 1-0

[Event "January 9 Early 2024"]
[Site "https://www.chess.com"]
[Date "2024.01.11"]
[Round "10"]
[White "Berezin, Viktor"]
[Black "Haug, Havard"]
[Result "1-0"]
[Board "59"]
[TimeControl "180+1"]
[WhiteFideId "14107872"]
[BlackFideId "1547887"]
[WhiteElo "2552"]
[BlackElo "2781"]
[WhiteTeam "UKR"]
[BlackTeam "NOR"]
[WhiteClock "0:00:53"]
[BlackClock "0:00:23"]

1. d4 d5 2. c4 e6 3. Nf3 c5 4. cxd5 exd5 5. Nc3 Nf6 6. g3 Nc6 7. Bg2 Be7 8. O-O O-O 9. dxc5 Bxc5 10. Bg5 d4 11. Bxf6 Qxf6 12. Ne4 Qe7 13. Nxc5 Qxc5 14. Rc1 Qb6 15. Qd2 h6 16. Rfd1 Rd8 17. b4 Be6 18. a4 Bb3 19. b5 Na5 20. Qb4 Bxd1 21. Rxd1 d3 22. exd3 Nc6 23. Qg4 Nd4 24. Ne5 Qf6 25. Re1 g6 26. Bxb7 Rab8 27. Nd7 Rxd7 28. Qxd7 Rxb7 29. Re8+ Kg7 30. Qxb7 Nf3+ 31. Kg2 Nd4 32. Qe4 Ne6 33. Rxe6 fxe6 34. Qb7+ Kf8 35. Qa8+ Ke7 36. Qxa7+ Kf8 37. Qa8+ Ke7 38. Qb7+ Kf8 39. a5 1-0

[Event "January 9 Early 2024"]
[Site "https://www.chess.com"]
[Date "2024.01.11"]
[Round "10"]
[White "Sarkar, Justin"]
[Black "Tymrakiewicz, Rafal"]
[Result "0-1"]
[Board "60"]
[TimeControl "180+1"]
[WhiteFideId "2010011"]
[BlackFideId "1108832"]
[WhiteElo "2288"]
[BlackElo "2397"]
[WhiteTeam "USA"]
[BlackTeam "POL"]
[WhiteClock "0:00:01"]
[BlackClock "0:00:41"]

1. d4 Nf6 2. c4 g6 3. Nc3 Bg7 4. e4 O-O 5. Nf3 d6 6. Be2 e5 7. O-O Nh5 8. Re1 Nf4 9. Bf1 Nc6 10. d5 Ne7 11. g3 Nh3+ 12. Kg2 f5 13. exf5 Nxf5 14. Ne4 h6 15. Be2 g5 16. g4 Nf4+ 17. Bxf4 Nh4+ 18. Nxh4 Rxf4 19. Nxd6 Qxd6 20. Nf5 Bxf5 21. gxf5 e4 22. Qc2 Bd4 23. Rf1 Rf8 24. Rad1 Bc5 25. Bh5 R8xf5 0-1

[Event "January 9 Early 2024"]
[Site "https://www.chess.com"]
[Date "2024.01.11"]
[Round "10"]
[White "Hercegovac, Neven"]
[Black "Guzman Lozano, Campo Elias"]
[Result "1-0"]
[Board "61"]
[TimeControl "180+1"]
[WhiteFideId "2839135"]
[BlackFideId "4403746"]
[WhiteElo "2339"]
[BlackElo "2172"]
[WhiteTeam "ITA"]
[BlackTeam "COL"]
[WhiteClock "0:00:57"]
[BlackClock "0:00:15"]

1. d4 Nf6 2. Bf4 d6 3. Nf3 g6 4. h3 Bg7 5. e3 c6 6. Be2 Nbd7 7. O-O Nf8 8. c4 Ne6 9. Bh2 O-O 10. Nc3 Nc7 11. e4 Nd7 12. Qc2 Re8 13. Rad1 Nf8 14. b4 e6 15. d5 e5 16. dxc6 bxc6 17. c5 d5 18. exd5 Nxd5 19. Nxd5 cxd5 20. Bb5 Re6 21. Qb3 Rb8 22. Rxd5 Qc7 23. Bc4 Bb7 24. Rdd1 Bxf3 25. Qxf3 Rf6 26. Qc3 Rf4 27. Bxf4 exf4 28. Qb3 f3 29. g3 Re8 30. Qxf3 Re5 31. Rfe1 Qe7 32. Rxe5 Bxe5 33. Re1 Qf6 34. Qxf6 Bxf6 35. c6 Ne6 36. Rxe6 fxe6 37. Bxe6+ 1-0

[Event "January 9 Early 2024"]
[Site "https://www.chess.com"]
[Date "2024.01.11"]
[Round "10"]
[White "Belov, Alexei"]
[Black "Novozhilov, Semen"]
[Result "1-0"]
[Board "62"]
[TimeControl "180+1"]
[WhiteFideId "4128206"]
[BlackFideId "24289167"]
[WhiteElo "2575"]
[BlackElo "2688"]
[WhiteTeam "RUS"]
[BlackTeam "RUS"]
[WhiteClock "0:00:46"]
[BlackClock "0:00:08"]

1. e4 c5 2. Nf3 Nc6 3. d4 cxd4 4. Nxd4 Nf6 5. Nc3 d6 6. Be2 e5 7. Nb3 Be7 8. O-O O-O 9. f4 h6 10. Kh1 Be6 11. Bf3 Bc4 12. Re1 b5 13. a4 b4 14. Nd5 Bxb3 15. cxb3 Nd7 16. f5 Nd4 17. Be2 Nc5 18. Bc4 Bg5 19. f6 Bxf6 20. Qg4 Bg5 21. h4 Bxc1 22. Raxc1 Kh7 23. Nxb4 f5 24. exf5 Nxf5 25. Nd3 Nxh4 26. Nxc5 dxc5 27. Rcd1 Qe7 28. Rd5 Nf5 29. Bd3 e4 30. Rxe4 Qf7 31. Rxf5 Qxf5 32. Re3 1-0

[Event "January 9 Early 2024"]
[Site "https://www.chess.com"]
[Date "2024.01.11"]
[Round "10"]
[White "Mrithyunjay Mahadevan"]
[Black "Espinoza Villanueva, Rodrigo"]
[Result "1-0"]
[Board "63"]
[TimeControl "180+1"]
[WhiteFideId "45003521"]
[BlackFideId "5140188"]
[WhiteElo "2494"]
[BlackElo "2580"]
[WhiteTeam "IND"]
[BlackTeam "MEX"]
[WhiteClock "0:00:51"]
[BlackClock "0:00:42"]

1. e4 c5 2. Nf3 e6 3. g3 d5 4. exd5 exd5 5. d4 Nc6 6. Bg2 Nf6 7. O-O Ke7 8. dxc5 Ke8 9. Re1+ Be7 10. Nd4 Bd7 11. Nxc6 Bxc6 12. b4 Kf8 13. Bb2 h5 14. Nc3 h4 15. Ne2 hxg3 16. hxg3 a5 17. a3 Rc8 18. Nd4 Bd7 19. c3 Bh3 20. Qf3 Qd7 21. Bxh3 Qxh3 22. Qg2 Qh5 23. f3 g6 24. Kf2 Qh2 25. Rh1 Qxh1 26. Rxh1 Rxh1 27. Qxh1 Kg7 28. g4 Kg8 29. g5 Nh5 30. Qh4 Bf8 31. f4 Bg7 32. Nf5 Bf8 33. Nh6+ Bxh6 34. gxh6 Re8 35. f5 Kh7 36. fxg6+ fxg6 37. Qg5 Rf8+ 38. Ke3 Rf7 39. c4 dxc4 40. bxa5 Rf5 41. Qe7+ Kxh6 42. Qxb7 Rxc5 43. a6 c3 44. Bc1 Ng3 45. Kd4+ 1-0

[Event "January 9 Early 2024"]
[Site "https://www.chess.com"]
[Date "2024.01.11"]
[Round "10"]
[White "Tasev, Dejan"]
[Black "Aukhatov, Roman"]
[Result "1/2-1/2"]
[Board "64"]
[TimeControl "180+1"]
[WhiteFideId "936618"]
[BlackFideId "44150768"]
[WhiteElo "2635"]
[BlackElo "2456"]
[WhiteTeam "SRB"]
[BlackTeam "RUS"]
[WhiteClock "0:00:24"]
[BlackClock "0:00:19"]

1. e4 c5 2. Nf3 Nc6 3. Nc3 Nf6 4. d4 d5 5. exd5 Nxd5 6. Bc4 Nxc3 7. bxc3 e6 8. O-O Be7 9. Be3 O-O 10. Rb1 Qa5 11. Bb3 Rd8 12. Qe2 Qxc3 13. dxc5 Bxc5 14. Bg5 Be7 15. Be3 b6 16. Qb5 Bb7 17. Qh5 g6 18. Qh6 Ne5 19. Ng5 Bf6 20. Qxh7+ Kf8 21. Nxe6+ fxe6 22. Bh6+ Ke8 23. Qxb7 Qc6 24. Qh7 Rd7 25. Qg8+ Ke7 26. Qh7+ Ke8 27. Qg8+ Ke7 28. Qh7+ Ke8 1/2-1/2

[Event "January 9 Early 2024"]
[Site "https://www.chess.com"]
[Date "2024.01.11"]
[Round "10"]
[White "Szyszylo, Rafal"]
[Black "Essing, Arnold"]
[Result "1-0"]
[Board "65"]
[TimeControl "180+1"]
[WhiteFideId "1109626"]
[BlackFideId "4619862"]
[WhiteElo "2394"]
[BlackElo "2264"]
[WhiteTeam "POL"]
[BlackTeam "GER"]
[WhiteClock "0:00:44"]
[BlackClock "0:00:14"]

1. e4 Nf6 2. e5 Nd5 3. d4 d6 4. Nf3 g6 5. Bc4 Nb6 6. Bb3 Bg7 7. e6 Bxe6 8. Bxe6 fxe6 9. Ng5 Qd7 10. Qf3 Rf8 11. Qe2 e5 12. Nxh7 Rh8 13. Ng5 exd4 14. Qe6 Qxe6+ 15. Nxe6 Kd7 16. Nxg7 Rh7 17. c3 dxc3 18. Nxc3 Rxg7 19. Bg5 Nc6 20. O-O-O Rf7 21. f4 e5 22. g3 Re8 23. Rhf1 exf4 24. gxf4 Nc4 25. Rd3 Re3 26. Rf3 Rxf3 27. Rxf3 Nd4 28. Rh3 Ne6 29. Nd5 c6 30. Nf6+ Kc7 31. Rh6 Kb6 32. Rxg6 Ne3 33. h4 Nd5 34. Nxd5+ cxd5 35. Rxe6 Kc5 36. Rf6 1-0

[Event "January 9 Early 2024"]
[Site "https://www.chess.com"]
[Date "2024.01.11"]
[Round "10"]
[White "Castellano, Christopher"]
[Black "Stojanovski, Sandi"]
[Result "1-0"]
[Board "66"]
[TimeControl "180+1"]
[WhiteFideId "5203651"]
[BlackFideId "1403249"]
[WhiteElo "2458"]
[BlackElo "2544"]
[WhiteTeam "PHI"]
[BlackTeam "DEN"]
[WhiteClock "0:01:27"]
[BlackClock "0:00:02"]

1. d4 Nf6 2. Bf4 e6 3. e3 d5 4. Nd2 Bd6 5. Bg3 O-O 6. Ngf3 c5 7. c3 b6 8. Bd3 Ba6 9. Bxa6 Nxa6 10. Qe2 Nb8 11. Rd1 Qc7 12. e4 dxe4 13. Nxe4 Nxe4 14. Qxe4 Nc6 15. dxc5 Bxg3 16. hxg3 h6 17. cxb6 axb6 18. a3 b5 19. O-O Ra4 20. Qe3 Rc4 21. Nd4 Nxd4 22. Rxd4 Rxd4 23. Qxd4 Qc4 24. Rd1 g6 25. b4 Rc8 26. Qxc4 Rxc4 27. Rd3 e5 28. f3 f5 29. Kf2 Kf7 30. Ke3 Ke6 31. Kd2 g5 32. Rd8 Kf6 33. Rb8 h5 34. Rxb5 h4 35. Kd3 Rc8 36. Rb6+ Kg7 37. gxh4 gxh4 38. a4 Kh7 39. Rb7+ Kh6 40. a5 Rg8 41. a6 Rxg2 42. a7 Ra2 43. b5 h3 44. b6 h2 45. Rb8 Kh7 46. b7 h1=Q 47. Rh8+ Kg6 48. Rxh1 Rxa7 49. b8=Q 1-0

[Event "January 9 Early 2024"]
[Site "https://www.chess.com"]
[Date "2024.01.11"]
[Round "10"]
[White "Rangel, Daniel"]
[Black "Sanhueza, Cristian"]
[Result "1-0"]
[Board "67"]
[TimeControl "180+1"]
[WhiteFideId "2124475"]
[BlackFideId "116815"]
[WhiteElo "2511"]
[BlackElo "2604"]
[WhiteTeam "BRA"]
[BlackTeam "ARG"]
[WhiteClock "0:01:11"]
[BlackClock "0:00:07"]

1. c4 Nf6 2. g3 g6 3. Bg2 Bg7 4. Nc3 O-O 5. e3 d6 6. Nge2 e5 7. O-O Nc6 8. Rb1 a5 9. a3 Be6 10. Nd5 Rb8 11. b4 axb4 12. axb4 Ne7 13. Nec3 c6 14. Nxf6+ Bxf6 15. d3 Bg7 16. b5 f5 17. Bd2 d5 18. bxc6 bxc6 19. cxd5 cxd5 20. Ne2 Rxb1 21. Qxb1 Qb8 22. d4 e4 23. Nf4 Bf7 24. h4 h6 25. Bb4 Re8 26. Bxe7 Qxb1 27. Rxb1 Rxe7 28. Rb5 Rd7 29. Bh3 h5 30. Bf1 Kf8 31. Rb6 Bh6 32. Nxg6+ Kg7 33. Ne5 Ra7 34. Nxf7 Rxf7 35. Rd6 f4 36. gxf4 Kf8 37. Rxd5 Rg7+ 38. Bg2 Rg4 39. Rxh5 Bg7 40. Kh2 Bf6 41. Bh3 Rg7 42. Bf5 Ke7 43. Rh7 Rxh7 44. Bxh7 Bxh4 45. Kg2 Bxf2 46. Kxf2 1-0

[Event "January 9 Early 2024"]
[Site "https://www.chess.com"]
[Date "2024.01.11"]
[Round "10"]
[White "Lima, Artur Tin Lun Dai"]
[Black "Rose, Felix"]
[Result "1-0"]
[Board "68"]
[TimeControl "180+1"]
[WhiteFideId "22773150"]
[BlackFideId "5105722"]
[WhiteElo "2367"]
[BlackElo "2238"]
[WhiteTeam "BRA"]
[BlackTeam "MEX"]
[WhiteClock "0:01:24"]
[BlackClock "0:00:02"]

1. b3 f6 2. Nf3 g6 3. Bb2 Nh6 4. g3 Bg7 5. Bg2 Nf7 6. h4 O-O 7. h5 g5 8. d3 d6 9. Nbd2 e5 10. c4 c5 11. O-O Nc6 12. e3 Bg4 13. Qc2 Bxh5 14. d4 Bg6 15. Qd1 cxd4 16. exd4 h6 17. a4 Nb4 18. Ba3 Nc2 19. Ra2 Nxa3 20. Rxa3 e4 21. Ne1 f5 22. g4 Bxd4 23. gxf5 Bxf5 24. Nxe4 Bg7 25. Ra2 Qe7 26. Ng3 Bg6 27. Re2 Qc7 28. Re6 Bh7 29. Nh5 Be5 30. Nf6+ Bxf6 31. Rxf6 Qe7 32. Rf3 Ne5 33. Re3 Qf6 34. Nf3 Ng4 35. Re2 Rad8 36. Qd5+ Kh8 37. Nd4 Qf4 38. Nf3 Rde8 39. Rxe8 Rxe8 40. Qd4+ Qxd4 41. Nxd4 Ne5 42. Bxb7 Rb8 43. Bd5 Nd3 44. Nb5 1-0

[Event "January 9 Early 2024"]
[Site "https://www.chess.com"]
[Date "2024.01.11"]
[Round "10"]
[White "Zavgorodniy, Sergiy"]
[Black "Hrebenshchykova, Yelyzaveta"]
[Result "1-0"]
[Board "69"]
[TimeControl "180+1"]
[WhiteFideId "14110148"]
[BlackFideId "14159899"]
[WhiteElo "2617"]
[BlackElo "2490"]
[WhiteTeam "UKR"]
[BlackTeam "UKR"]
[WhiteClock "0:01:21"]
[BlackClock "0:00:02"]

1. Nf3 Nf6 2. b3 g6 3. Bb2 Bg7 4. e3 O-O 5. d4 d5 6. Be2 a5 7. a3 a4 8. b4 b6 9. c4 dxc4 10. Bxc4 Bb7 11. O-O Ne4 12. Nbd2 Nd7 13. Qc2 Nxd2 14. Nxd2 c5 15. bxc5 bxc5 16. d5 Ne5 17. e4 Qc7 18. Rab1 Ng4 19. Nf3 Rab8 20. Bxg7 Kxg7 21. Qc3+ f6 22. h3 Ne5 23. Nxe5 Qxe5 24. Qxe5 fxe5 25. Rb6 Ba8 26. Rfb1 Rbd8 27. f3 Rf6 28. Rb8 Rfd6 29. Rxd8 Rxd8 30. Kf2 g5 31. Ke3 h5 32. Rb6 Rf8 33. Re6 g4 34. Rxe7+ Kg6 35. hxg4 hxg4 36. Rxe5 gxf3 37. gxf3 Bb7 38. f4 Bc8 39. Rg5+ Kh6 40. e5 Bf5 41. d6 Bc2 42. e6 Bg6 43. e7 Re8 44. Rxg6+ Kxg6 45. Bb5 Kf7 46. Bxe8+ Kxe8 47. Ke4 c4 48. Kd4 1-0

[Event "January 9 Early 2024"]
[Site "https://www.chess.com"]
[Date "2024.01.11"]
[Round "10"]
[White "Baziuk, Vladyslav"]
[Black "Vakhidov, Shahzod"]
[Result "0-1"]
[Board "70"]
[TimeControl "180+1"]
[WhiteFideId "34107940"]
[BlackFideId "14205270"]
[WhiteElo "2665"]
[BlackElo "2520"]
[WhiteTeam "UKR"]
[BlackTeam "UZB"]
[WhiteClock "0:00:45"]
[BlackClock "0:00:11"]

1. e4 c5 2. Nf3 g6 3. d4 cxd4 4. Nxd4 Bg7 5. Nc3 Nc6 6. Be3 Nf6 7. f3 O-O 8. Bc4 Qb6 9. Bb3 Nxe4 10. Nd5 Qa5+ 11. c3 Nc5 12. Nxc6 dxc6 13. Nxe7+ Kh8 14. Nxc8 Raxc8 15. O-O Rcd8 16. Qc2 Qb5 17. Rad1 Nxb3 18. axb3 b6 19. b4 Rfe8 20. Bf2 h5 21. Qb3 Kg8 22. c4 Qe5 23. b5 cxb5 24. cxb5 Qxb2 25. Qc4 Rxd1 26. Rxd1 Re2 27. Bg3 Rxg2+ 28. Kh1 Rd2 29. Re1 Qf6 30. Qc6 h4 31. Bb8 Qg5 32. Rg1 Qf5 33. Qa8 Kh7 34. Qc6 Bd4 35. Rg4 Qb1+ 0-1

[Event "January 9 Early 2024"]
[Site "https://www.chess.com"]
[Date "2024.01.11"]
[Round "10"]
[White "Buchenau, Frank"]
[Black "Ljukin, Sergei"]
[Result "1-0"]
[Board "71"]
[TimeControl "180+1"]
[WhiteFideId "4604350"]
[BlackFideId "14102200"]
[WhiteElo "2403"]
[BlackElo "2495"]
[WhiteTeam "GER"]
[BlackTeam "UKR"]
[WhiteClock "0:00:35"]
[BlackClock "0:00:04"]

1. e4 e6 2. d4 d5 3. Nc3 Bb4 4. e5 Ne7 5. a3 Bxc3+ 6. bxc3 c5 7. Nf3 Bd7 8. Bd3 c4 9. Be2 Ba4 10. h4 Nbc6 11. h5 h6 12. Rb1 b6 13. Nh4 Kd7 14. g4 Qg8 15. f4 Qh7 16. Rb2 g6 17. hxg6 fxg6 18. Bf3 Rag8 19. Ng2 Qf7 20. Be3 h5 21. Kd2 hxg4 22. Bxg4 Nf5 23. Bf2 g5 24. Rxh8 Rxh8 25. Qf3 gxf4 26. Qxf4 Nce7 27. Rb1 Qh7 28. Rc1 Rg8 29. Ne3 Ng6 30. Bxf5 Rf8 31. Nxd5 Rxf5 32. Qxf5 Qh6+ 33. Be3 1-0